 Dungeon Crawl Stone Soup version 0.29-a0-96-g93358da72b (webtiles) character file.

Game seed: 2227400324518765852

203 cyrus the Poker (level 5, 0/50 HPs)
             Began as a Naga Cinder Acolyte on Feb 11, 2022.
             Was an Initiate of Ignis.
             Slain by an adder (2 damage)
             ... on level 3 of the Dungeon.
             The game lasted 00:07:48 (2238 turns).

cyrus the Poker (Naga Cinder Acolyte)               Turns: 2238, Time: 00:07:49

Health: 0/50       AC:  3    Str: 16    XL:     5   Next: 81%
Magic:  6/6        EV:  9    Int: 15    God:    Ignis [......]
Gold:   116        SH:  0    Dex:  8    Spells: 4/6 levels left

rFire   + . .      SeeInvis +   k - +0 trident (protect)
rCold   . . .      Faith    .   (no shield)
rNeg    . . .      Spirit   .   b - +0 robe
rPois   +          Reflect  .   (no helmet)
rElec   .          Harm     .   (no cloak)
rCorr   .          Rampage  .   d - +0 pair of gloves
Will    .....                   (no barding)
Stlth   +.........              (no amulet)
HPRegen 0.16/turn               (no ring)
MPRegen 0.10/turn               (no ring)

@: lethally poisoned (0 -> -2), very slow
A: AC +1, large, see invisible, deformed body, poison resistance, slowness 2,
spit poison 1, naga tail 1
a: Spit Poison, Renounce Religion


You were on level 3 of the Dungeon.
You worshipped Ignis.
Ignis was noncommittal.
You visited 1 branch of the dungeon, and saw 3 of its levels.

You collected 116 gold pieces.

Inventory:

Hand Weapons
 a - a -1 spear of flaming
 i - a +0 war axe
 k - a +0 trident of protection (weapon)
Armour
 b - a +0 robe (worn)
 d - a +0 pair of gloves (worn)
Scrolls
 c - 3 scrolls of fear {unknown}
 e - a scroll of brand weapon {unknown}
 l - a scroll of teleportation {unknown}
 m - a scroll of identify {unknown}
Potions
 f - a potion of attraction {unknown}
 g - a potion of curing {unknown}
 h - a potion of haste
 j - a potion of flight {unknown}


   Skills:
 + Level 3.7 Fighting
 + Level 2.4(3.6) Axes
 + Level 4.1(4.4) Polearms
 + Level 1.2 Dodging
 + Level 1.6 Stealth
 + Level 1.0 Spellcasting
 + Level 3.5 Fire Magic


You had 4 spell levels left.
You knew the following spells:

 Your Spells              Type           Power      Damage    Failure   Level
a - Scorch                Fire           22%        2d6       9%          2

Your spell library contained the following spells:

 Spells                   Type           Power      Damage    Failure   Level
 Freeze                   Ice            0%         1d3       24%         1
 Frozen Ramparts          Ice            0%         1d2       58%         3
 Hailstorm                Conj/Ice       0%         3d3       94%         4


Dungeon Overview and Level Annotations

Branches:
Dungeon (3/15)

Altars:
Sif Muna


Innate Abilities, Weirdness & Mutations

Your serpentine skin is tough. (AC +1)
You have supernaturally acute eyesight. (SInv)
Armour fits poorly on your strangely shaped body.
Your system is resistant to poisons. (rPois)
You cover ground very slowly.
You can spit poison.
You have a snake-like lower body.


Message History

The jackal closely misses you. The endoplasm freezes you.
You are frozen.
* * * LOW HITPOINT WARNING * * *
You puncture the jackal!
Your weapon exudes an aura of protection.
You kill the jackal!
The jackal bites you but does no damage.
The endoplasm freezes you.
You are frozen.
* * * LOW HITPOINT WARNING * * *
The jackal bites you but does no damage.
You hit the endoplasm.
You kill the endoplasm!
The jackal bites you but does no damage.
You barely miss the adder. The adder bites you but does no damage.
The jackal bites you.
* * * LOW HITPOINT WARNING * * *
The adder barely misses you. The jackal closely misses you.
You closely miss the adder. The jackal barely misses you.
The adder closely misses you.
You closely miss the adder.
The jackal bites you but does no damage.
The adder bites you but does no damage.
The jackal bites you but does no damage.
The adder bites you but does no damage.
You closely miss the adder. The jackal barely misses you. The adder bites you.
* * * LOW HITPOINT WARNING * * *
You closely miss the adder. The jackal closely misses you. The adder bites you.
* * * LOW HITPOINT WARNING * * *
The jackal bites you but does no damage.
You barely miss the adder. The adder bites you.
* * * LOW HITPOINT WARNING * * *
You are lethally poisoned!
The adder poisons you! The jackal barely misses you.
The adder bites you but does no damage.
You closely miss the adder.
* * * LOW HITPOINT WARNING * * *
You feel sick. The jackal closely misses you. The adder bites you.
You die...

.... ......# ..... ......#
#...! ......#
#....#####......#
.................
.................
..................
........S@.............>#
........h.....$.........#
.......)†.!.............#
........................#
........................#
........................##
........................#.
......)...................
........................†.


You could see an adder and a jackal.

Vanquished Creatures
  An ogre (D:3)
  An orc priest (D:3)
  An adder (D:3)
  A dart slug (D:2)
  7 orcs (D:3)
  4 ball pythons
  3 bats
  10 endoplasms
  3 giant cockroaches (D:2)
  3 goblins
  5 hobgoblins
  6 jackals
  3 quokkas
  4 frilled lizards
  6 kobolds
  2 rats
60 creatures vanquished.

Vanquished Creatures (others)
  74 foxfires
  2 fungi (D:1)
  8 plants (D:1)
84 creatures vanquished.

Grand Total: 144 creatures vanquished

Notes
Turn   | Place    | Note
-------+----------+-------------------------------------------
     0 | D:1      | cyrus the Naga Cinder Acolyte began the quest for the Orb.
     0 | D:1      | Reached XP level 1. HP: 21/21 MP: 2/2
   132 | D:1      | Reached XP level 2. HP: 21/28 MP: 3/3
   552 | D:1      | Found a faded altar of an unknown god.
   870 | D:2      | Reached XP level 3. HP: 21/34 MP: 4/4
  1820 | D:3      | Reached XP level 4. HP: 36/42 MP: 5/5
  1895 | D:3      | Reached skill level 1 in Axes
  1911 | D:3      | Reached skill level 1 in Dodging
  1911 | D:3      | Reached skill level 1 in Stealth
  1962 | D:3      | Learned a level 2 spell: Scorch
  1973 | D:3      | Noticed an ogre
  1988 | D:3      | Killed an ogre
  1989 | D:3      | Reached skill level 4 in Polearms
  1989 | D:3      | Reached XP level 5. HP: 44/50 MP: 4/6
  2152 | D:3      | Found a shimmering blue altar of Sif Muna.
  2238 | D:3      | HP: 2/50 [poisoned by an adder]
  2238 | D:3      | Slain by an adder

Illustrated notes

Levels and vault maps discovered:
D:1:      lemuel_arrival_muddy, layout_rooms, basic_ecumenical_altar,
          st_stairs_13, serial_bayou_pond_e, chequers_serial_rivers_marsh,
          wander_ebering_terrifying_dragon_lair
D:2:      layout_loops_cross
D:3:      kennysheep_the_goblin_king, layout_basic, old_standard_altar,
          nicolae_sif_muna_condensation, pf_just_have_faith

Skill      XL: |  1  2  3  4 |
---------------+-------------+-----
Axes           | 2 |  2.4
Dodging        | 1 |  1.2
Stealth        | 1 |  1.6
Polearms       | 4 |  4.1
Fighting       | |  3.7
Spellcasting   | |  1.0
Fire Magic     | |  3.5

Action                   |  1- 3 |  4- 6 || total
-------------------------+-------+-------++-------
Melee: Spear             |    74 |       ||    74
       Punch             |     2 |     1 ||     3
       War axe           |    39 |       ||    39
       Trident           |       |    65 ||    65
 Cast: Scorch            |       |     1 ||     1
Invok: Foxfire Swarm     |     7 |       ||     7
       Fiery Armour      |     1 |       ||     1
       Rising Flame      |     1 |       ||     1
 Abil: Spit Poison       |     2 |     3 ||     5
Armor: Robe              |    30 |    55 ||    85
Dodge: Dodged            |    55 |    53 ||   108

Table legend: (Time is in decaauts)
 A = Elapsed time spent in this place.
 B = Non-inter-level travel time spent in this place.
 C = Inter-level travel time spent in this place.
 D = Time resting spent in this place.
 E = Time spent auto-exploring this place.
 F = Levels seen in this place.
 G = Mean time per level.
                   A        B        C        D        E       F      G
               +--------+--------+--------+--------+--------+-----+--------+
         Total |   2756 |   2756 |      0 |    359 |   1631 |   3 |  918.7 |
       Dungeon |   2756 |   2756 |      0 |    359 |   1631 |   3 |  918.7 |
               +--------+--------+--------+--------+--------+-----+--------+

Top non-repeatable levels by time:
     D:2: 1182 daAuts
     D:1: 1070 daAuts
     D:3: 503 daAuts
